 Dungeon Crawl Stone Soup version 0.18-a0-721-g8fc53f4 (webtiles) character file.

1306 Sixotanaka the Destroyer (level 8, -12/46 HPs)
             Began as an Octopode Conjurer on Dec 8, 2015.
             Mangled by an orc warrior
             ... wielding a cursed -3 battleaxe
              (26 damage)
             ... on level 6 of the Dungeon.
             The game lasted 00:21:01 (7873 turns).

Sixotanaka the Destroyer (Octopode Conjurer)        Turns: 7873, Time: 00:21:01

Health: -12/46     AC:  1    Str:  7    XL:     8   Next: 57%
Magic:  6/13       EV: 12    Int: 20    God:
Gold:   278        SH:  0    Dex: 12    Spells: 4 memorised, 4 levels left

rFire  . . .     SeeInvis .     o - +0 spear (curse)
rCold  . . .     Clarity  .     (no shield)
rNeg   + . .     SustAt   .     (helmet restricted)
rPois  .         Gourm    .     (no amulet)
rElec  .         Spirit   .     r - ring of positive energy
rCorr  .         Dismiss  .     (no ring)
rMut   .         Stasis   .     (no ring)
MR     .....                    (no ring)
Stlth  +++.......               (no ring)
                                (no ring)
                                (no ring)
                                (no ring)

@: not resistant to hostile enchantments, fairly stealthy
A: almost no armour, amphibious, 8 rings, constrict 8, camouflage 1, gelatinous
body 1
a: no special abilities


You were on level 6 of the Dungeon.
You were not hungry.

You visited 1 branch of the dungeon, and saw 6 of its levels.

You collected 278 gold pieces.


Innate Abilities, Weirdness & Mutations

You cannot wear most types of armour.
You are amphibious.
You can wear up to eight rings at the same time.
You can use your tentacles to constrict eight enemies at once.
Your skin changes colour to match your surroundings (Stealth).
Your rubbery body absorbs attacks (AC +1).


   Skills:
 - Level 2.0 Dodging
 - Level 2.6 Stealth
 - Level 3.7 Spellcasting
 * Level 10.3 Conjurations


You had 4 spell levels left.
You knew the following spells:

 Your Spells              Type           Power        Failure   Level  Hunger
c - Dazzling Spray        Conj/Hex       ###.....     6%          3    ###....
x - Searing Ray           Conj           #####.       1%          2    ##.....
z - Magic Dart            Conj           ####         1%          1    None
X - Fulminant Prism       Conj/Hex       ###.......   17%         4    ####...


Dungeon Overview and Level Annotations

Branches:
Dungeon (6/15)
 Temple: D:4-7

Altars:
Okawaru

Shops:
D:5 (

Annotations:
D:5 Eustachio
D:6 wearedevo's ghost, novice GrFi

Inventory:

Hand Weapons
 o - a cursed +0 spear (weapon)
 q - a +0 blowgun
Missiles
 j - 51 poisoned needles
Jewellery
 r - a ring of positive energy (left tentacle)
Scrolls
 g - a scroll of enchant weapon {unknown}
 h - a scroll of fog
 i - a scroll of recharging
 k - 3 scrolls of teleportation {@r4}
 l - a scroll of immolation {unknown}
 m - a scroll of noise {unknown}
 s - a scroll of magic mapping {unknown}
 w - a scroll of fear {unknown}
Potions
 e - 2 potions of lignification {!q}
 f - a potion of agility
 n - a potion of curing {unknown}
 p - a potion of berserk rage {unknown}
 t - a potion of resistance {unknown}
 A - a potion of might
Books
 a - a book of Conjurations
Comestibles
 b - 7 bread rations
 d - 9 fruits

#.. #)# #.# #.# #.# #.###########
#.# #.)....o....# #.#########
#.#########.# ###.##....<.#
#.#########.####
.......####.######..(........h.oh
...............).............####
###.#######....o@.(.......####
#.# #########†.##.#.## #.#
#.[.†###.# #.#
##########.###.#.## #.#
##..<..†....# ##..# ##
#.#####...######### #..# #.
#.........# ##..### #.
#######...# #.....####. ##### #
#.###.#..÷.


You could see an orc warrior.


Message History

Casting: Magic Dart
Aiming: Magic Dart
Aim: a water moccasin skeleton The magic dart hits the water moccasin skeleton.
The water moccasin skeleton barely misses you.
Casting: Magic Dart
Aiming: Magic Dart
Aim: a water moccasin skeleton The magic dart hits the water moccasin skeleton.
The water moccasin skeleton bites you!
Casting: Magic Dart
Aiming: Magic Dart
Aim: a water moccasin skeleton The magic dart hits the water moccasin skeleton.
The water moccasin skeleton misses you. The water moccasin skeleton bites you.
Casting: Magic Dart
Aiming: Magic Dart
Aim: a water moccasin skeleton The magic dart hits the water moccasin skeleton.
The water moccasin skeleton closely misses you.
Casting: Magic Dart
Aiming: Magic Dart
Aim: a water moccasin skeleton The magic dart hits the water moccasin skeleton.
You destroy the water moccasin skeleton!
There is a stone staircase leading up, spattered with blood here.
You start resting.
Casting: Magic Dart
Aiming: Magic Dart
Aim: a jackal (hasn't noticed you)
The magic dart hits the jackal.
The jackal barks! x2
Casting: Magic Dart
Aiming: Magic Dart
Aim: a jackal (heavily wounded)
The magic dart hits the jackal.
You kill the jackal!
Casting: Magic Dart
Aiming: Magic Dart
Aim: a jackal The magic dart hits the jackal.
Casting: Magic Dart
Aiming: Magic Dart
Aim: a jackal (lightly wounded)
The magic dart hits the jackal.
The jackal completely misses you. The jackal closely misses you.
The jackal closely misses you. The jackal bites you.
Casting: Magic Dart
Aiming: Searing Ray
Aim: an orc warrior, wielding a battleaxe and wearing a chain mail The searing ray hits the jackal.
You kill the jackal!
The searing ray hits the orc warrior.
The orc warrior hits you with a battleaxe!!
The searing ray hits the orc warrior.
The searing ray hits the orc warrior.
The orc warrior closely misses you.
Casting: Searing Ray
Aiming: Dazzling Spray
Aim: an orc warrior, wielding a battleaxe and wearing a chain mail (heavily wounded)
The spray of energy misses the orc warrior.
The orc warrior hits you with a battleaxe!
* * * LOW HITPOINT WARNING * * *
There is a stone staircase leading up, spattered with blood here.
Read which item? (? for menu, Esc to quit)
Okay, then.
There is a stone staircase leading down here.
The orc warrior hits you with a battleaxe!!
Ouch! That really hurt!
You die...

Action                   |  1- 3 |  4- 6 |  7- 9 || total
-------------------------+-------+-------+-------++-------
Melee: Unarmed           |    23 |       |       ||    23
       Dagger            |     5 |    20 |       ||    25
       Spear             |       |     3 |    30 ||    33
 Fire: Blowgun           |       |    11 |     5 ||    16
 Cast: Magic Dart        |    53 |    96 |   120 ||   269
       Searing Ray       |     1 |     7 |    10 ||    18
       Dazzling Spray    |       |     1 |    14 ||    15
       Fulminant Prism   |       |       |     9 ||     9
  Use: Scroll            |       |     2 |     5 ||     7
 Stab: Sleeping          |     6 |     4 |     1 ||    11
       Distracted        |     1 |       |     1 ||     2
       Invisible         |       |       |     1 ||     1
  Eat: Chunk             |     2 |     9 |    10 ||    21
       Pizza             |       |       |     1 ||     1
       Meat ration       |       |       |     1 ||     1
       Royal jelly       |       |       |     1 ||     1
       Beef jerky        |       |       |     1 ||     1

Vault maps used:
D:1:      dpeg_arrival_concentric_ovals
D:2:      old_standard_altar
D:3:      uniq_robin, uniq_iyjb
D:4:      first_bread
D:5:      serial_shops, shop, minmay_misc_feat_tower, minmay_tree_intersection,
          corexii_corridor_pit, minmay_misc_feat_columns, grunt_ministairs_15,
          uniq_eustachio
D:6:      kennysheep_little_box

Notes
Turn   | Place    | Note
--------------------------------------------------------------
     0 | D:1      | Sixotanaka the Octopode Conjurer began the quest for the Orb.
     0 | D:1      | Reached XP level 1. HP: 11/11 MP: 3/3
   262 | D:1      | Reached XP level 2. HP: 17/17 MP: 3/5
   804 | D:1      | Reached XP level 3. HP: 21/21 MP: 2/6
   999 | D:1      | Learned a level 2 spell: Searing Ray
  1003 | D:1      | Learned a level 3 spell: Dazzling Spray
  1022 | D:2      | Reached skill level 5 in Conjurations
  1023 | D:2      | Found an iron altar of Okawaru.
  1436 | D:2      | Reached XP level 4. HP: 23/27 MP: 2/7
  2078 | D:3      | Noticed Robin
  2108 | D:3      | HP: 6/27 [goblin/dagger[Robin] (3)]
  2109 | D:3      | Killed Robin
  2388 | D:3      | Reached skill level 6 in Conjurations
  2413 | D:3      | Reached XP level 5. HP: 31/31 MP: 1/8
  2727 | D:3      | Noticed Ijyb
  2740 | D:3      | Killed Ijyb
  3116 | D:3      | Noticed an ogre
  3133 | D:3      | Killed an ogre
  3133 | D:3      | Reached skill level 7 in Conjurations
  3133 | D:3      | Reached XP level 6. HP: 36/36 MP: 9/9
  3574 | D:3      | Learned a level 4 spell: Fulminant Prism
  3883 | D:3      | Reached skill level 3 in Spellcasting
  4022 | D:4      | Reached XP level 7. HP: 14/41 MP: 1/11
  4477 | D:4      | Reached skill level 8 in Conjurations
  5032 | D:4      | zzxc: nice to have blowgun innit
  5032 | D:4      | Sixotanaka: ye
  5288 | D:5      | Entered Level 5 of the Dungeon
  5376 | D:5      | Noticed Eustachio
  5703 | D:5      | Reached skill level 9 in Conjurations
  5874 | D:5      | Reached XP level 8. HP: 38/46 MP: 0/13
  6183 | D:5      | Found Iffysopo's Antique Weapon Shop.
  7024 | D:6      | Noticed wearedevo's ghost (novice GrFi)
  7324 | D:6      | Reached skill level 10 in Conjurations
  7844 | D:6      | HP: 10/46 [orc warrior/battleaxe (14)]
  7873 | D:6      | Mangled by an orc warrior

Vanquished Creatures
  4 ogres
  2 sky beasts
  A scorpion (D:6)
  A water moccasin skeleton (D:6)
  A jelly (D:5)
  3 orc priests
  A quasit (D:6)
  2 giant frog skeletons
  3 orc wizards
  Ijyb (D:3)
  2 hounds (D:4)
  A worker ant (D:5)
  A hound skeleton (D:4)
  Robin (D:3)
  3 gnolls (D:3)
  9 adders
  An adder skeleton (D:4)
  4 worms
  2 giant geckos
  24 orcs
  14 goblins
  9 hobgoblins
  6 kobolds
  A ball python (D:3)
  9 bats
  12 giant cockroaches
  A giant cockroach zombie (D:6)
  A giant gecko skeleton (D:5)
  2 giant gecko zombies (D:6)
  3 giant newts
  20 jackals
  4 quokkas
  2 quokka skeletons (D:4)
  11 rats
162 creatures vanquished.

Vanquished Creatures (others)
  9 fulminant prisms
9 creatures vanquished.

Grand Total: 171 creatures vanquished
